 Dungeon Crawl Stone Soup version 0.19.1 (webtiles) character file.

30 Gaplan the Sneak (level 3, -4/18 HPs)
             Began as a Vine Stalker Assassin on Nov 23, 2016.
             Slain by a worm (5 damage)
             ... on level 1 of the Dungeon.
             The game lasted 00:02:49 (1245 turns).

Gaplan the Sneak (Vine Stalker Assassin)            Turns: 1245, Time: 00:02:49

Health: -4/18      AC:  3    Str: 14    XL:     3   Next: 18%
Magic:  0/4        EV: 11    Int: 11    God:
Gold:   63         SH:  0    Dex: 15    Spells: 0 memorised, 2 levels left

rFire  . . .     SeeInvis .     a - +2 dagger
rCold  . . .     Gourm    .     c - +0 robe
rNeg   . . .     Faith    .     (no shield)
rPois  .         Spirit   +     (no helmet)
rElec  .         Reflect  .     d - +0 cloak
rCorr  .         Harm     .     (no gloves)
MR     .....                    (no boots)
Stlth  +++.......               (no amulet)
                                (no ring)
                                (no ring)

@: no status effects
A: fangs 2, magic shield, antimagic bite, no device heal 3, rot immunity
a: no special abilities


You were on level 1 of the Dungeon.
You were not hungry.

You visited 1 branch of the dungeon, and saw 2 of its levels.

You collected 63 gold pieces.

Inventory:

Hand Weapons
 a - a +2 dagger (weapon)
 b - a +0 blowgun
Missiles
 e - 8 poisoned needles
 f - 2 curare-tipped needles
Armour
 c - a +0 robe (worn)
 d - a +0 cloak (worn)
Jewellery
 k - an uncursed amulet of guardian spirit {unknown}
 p - an uncursed amulet of guardian spirit {unknown}
Scrolls
 j - a scroll of blinking {unknown}
 o - a scroll of fog {unknown}
Potions
 l - a potion of mutation {unknown}
 m - a potion of brilliance {unknown}
Comestibles
 g - 2 bread rations
 h - a chunk of flesh
 i - a beef jerky
 n - a slice of pizza


   Skills:
 + Level 2.0 Fighting
 + Level 1.8 Short Blades
 + Level 1.9 Throwing
 + Level 0.7 Dodging
 + Level 5.9 Stealth


You had 2 spell levels left.
You didn't know any spells.

Dungeon Overview and Level Annotations

Branches:
Dungeon (2/15)

Altars:


Innate Abilities, Weirdness & Mutations

You have extremely sharp teeth.
When hurt, damage is shared between your health and your magic reserves.
Your bite disrupts and absorbs the magic of your enemies.
Potions and wands cannot restore your health.
You are immune to rotting.


Message History

You hit the giant cockroach.
You kill the giant cockroach!
The worm bites you!
Things that are here:
a giant cockroach corpse; a jackal skeleton Unknown command.
The worm bites you!
* * * LOW HITPOINT WARNING * * *
You hit the worm. You bite the worm, but do no damage.
The worm is lightly wounded.
You hit the worm. You bite the worm. You drain its power.
You feel invigorated.
The worm is heavily wounded.
The worm bites you.
* * * LOW HITPOINT WARNING * * *
You hit the worm.
The worm is heavily wounded.
You hit the worm but do no damage. You bite the worm, but do no damage.
The worm is heavily wounded.
The worm bites you.
You die...

#
#.....................(...###.#
#
#.#######..#.###....#####.#...#
# #.# ##.#.# #....# #.#.### #
#.# #...# #....# #.#.# # #.#
##..# #....# #.#.# # #.# #..#
#....# #.#.# #.# #..# #....#
#.#.# #.# #..###....#####.#.#
#.# ##>w@...........#.# ###.##
#####....#######.# .....#
#....# #.# .....# #####....#
#.# .....# #........# #.#
.....# #.######## #.# .....#
##.#### #.# .....# ##.....#
#######.# .)...#
##....8.#####.......#


You could see a worm.

Vanquished Creatures
  An ooze (D:1)
  A ball python (D:1)
  7 bats (D:1)
  A giant cockroach (D:1)
  2 goblins (D:1)
  2 hobgoblins (D:1)
  3 jackals (D:1)
  A frilled lizard (D:1)
  3 kobolds (D:1)
  3 rats (D:1)
24 creatures vanquished.

Notes
Turn   | Place    | Note
-------+----------+-------------------------------------------
     0 | D:1      | Gaplan the Vine Stalker Assassin began the quest for the Orb.
     0 | D:1      | Reached XP level 1. HP: 11/11 MP: 2/2
    67 | D:1      | Reached skill level 5 in Stealth
   156 | D:1      | Reached XP level 2. HP: 15/15 MP: 3/3
   780 | D:1      | Reached XP level 3. HP: 18/18 MP: 4/4
  1245 | D:1      | Slain by a worm

Skill      XL: |  1  2  3 |
---------------+----------+-----
Stealth        | 5 |  5.9
Fighting       | 2 |  2.0
Short Blades   | |  1.8
Throwing       | |  1.9
Dodging        | |  0.7

Action                   || total
-------------------------++-------
Melee: Dagger            ||    64
       Bite              ||    19
 Stab: Sleeping          ||     6
  Eat: Chunk             ||     1
Armor: Robe              ||    21
Dodge: Dodged            ||    35
